TOP OF THE 1ST |
Grand Rapids Dutch Ovens batting - Pitching for Yellowknife Claws : RHP John Arnold
|
Pitching: RHP John Arnold
|
|
Batting: RHB José Wills
|
0-0: Swinging Strike 0-1: Foul Ball, location: 2F 0-2: Strikes out swinging
|
Batting: SHB Víctor Torres
|
0-0: Swinging Strike 0-1: Ball 1-1: DOUBLE (Line Drive, 8RM)
|
Batting: RHB Tim Lee
|
0-0: Fly out, F8 (Flyball, 8RM)
|
Batting: LHB Nick Weber
|
0-0: Ground out 4-3 (Groundball, 34)
|
Top of the 1st over - 0 run(s), 1 hit(s), 0 error(s), 1 left on base; Grand Rapids 0 - Yellowknife 0 |
BOTTOM OF THE 1ST |
Yellowknife Claws batting - Pitching for Grand Rapids Dutch Ovens : RHP José Rocha
|
Pitching: RHP José Rocha
|
|
Batting: RHB Fernando Álvarez
|
0-0: Called Strike 0-1: Swinging Strike 0-2: Strikes out swinging
|
Batting: RHB Matt Dundee
|
0-0: Ball 1-0: Fly out, F4 (Line Drive, 4)
|
Batting: RHB Alan Williams
|
0-0: Foul Ball, location: 2F 0-1: Called Strike 0-2: Ground out 5-3 (Groundball, 56)
|
Bottom of the 1st over - 0 run(s), 0 hit(s), 0 error(s), 0 left on base; Grand Rapids 0 - Yellowknife 0 |
TOP OF THE 2ND |
Grand Rapids Dutch Ovens batting - Pitching for Yellowknife Claws : RHP John Arnold
|
Batting: RHB William Todd
|
0-0: Ball 1-0: Ball 2-0: Ball 3-0: Called Strike 3-1: Called Strike 3-2: Foul Ball, location: 2F 3-2: SINGLE (Line Drive, 8RS)
|
Batting: LHB Félix Costa
|
0-0: Grounds out, U3 (Groundball, 3L)
|
Batting: RHB Carlos Rosa
|
0-0: Foul Ball, location: 2F 0-1: Ball 1-1: Foul Ball, location: 2F 1-2: Ball 2-2: Fly out, F8 (Flyball, 8LM) Throwing error, E8 William Todd scores
|
Batting: RHB Alec Goodman
|
0-0: Called Strike 0-1: Swinging Strike 0-2: Foul Ball, location: 2F 0-2: Strikes out swinging, 2-3 out at first.
|
Top of the 2nd over - 1 run(s), 1 hit(s), 1 error(s), 0 left on base; Grand Rapids 1 - Yellowknife 0 |
BOTTOM OF THE 2ND |
Yellowknife Claws batting - Pitching for Grand Rapids Dutch Ovens : RHP José Rocha
|
Batting: RHB Bob Bishop
|
0-0: Ball 1-0: Ball 2-0: Called Strike 2-1: Called Strike 2-2: Fly out, F7 (Flyball, 7)
|
Batting: SHB José Espinoza
|
0-0: Ball 1-0: Ball 2-0: Called Strike 2-1: Foul Ball, location: 2F 2-2: Fly out, F5 (Popup, 56S)
|
Batting: RHB Juan Gómez
|
0-0: Fly out, F8 (Flyball, 8RS)
|
Bottom of the 2nd over - 0 run(s), 0 hit(s), 0 error(s), 0 left on base; Grand Rapids 1 - Yellowknife 0 |
TOP OF THE 3RD |
Grand Rapids Dutch Ovens batting - Pitching for Yellowknife Claws : RHP John Arnold
|
Batting: RHB Takuro Okawa
|
0-0: Ball 1-0: Called Strike 1-1: Ball 2-1: Ball 3-1: Called Strike 3-2: DOUBLE (Line Drive, 7LM)
|
Batting: RHB José Wills
|
0-0: Hit by Pitch
|
Batting: SHB Víctor Torres
|
0-0: Ball 1-0: Foul Ball, location: 2F 1-1: Called Strike 1-2: Strikes out looking
|
Batting: RHB Tim Lee
|
0-0: Called Strike 0-1: SINGLE (Flyball, 6MD) Takuro Okawa to third José Wills to second Runner from 3rd tries for Home, SAFE, throw made home
|
Now in CF: Curt O'Brian
|
|
Batting: LHB Nick Weber
|
0-0: Called Strike 0-1: Swinging Strike 0-2: Ball 1-2: Strikes out looking
|
Batting: RHB William Todd
|
0-0: Called Strike 0-1: Ball 1-1: Called Strike 1-2: Foul Ball, location: 2F 1-2: Fly out, F8 (Flyball, 78M)
|
Top of the 3rd over - 1 run(s), 2 hit(s), 0 error(s), 2 left on base; Grand Rapids 2 - Yellowknife 0 |
BOTTOM OF THE 3RD |
Yellowknife Claws batting - Pitching for Grand Rapids Dutch Ovens : RHP José Rocha
|
Batting: RHB Curt O'Brian
|
0-0: Ball 1-0: SINGLE (Flyball, 9LS)
|
Batting: RHB Carlos Uribe
|
0-0: Called Strike 0-1: Ball 1-1: Ball 2-1: Swinging Strike 2-2: Foul Ball, location: 2F 2-2: Foul Ball, location: 2F 2-2: Foul Ball, location: 2F 2-2: Ball 3-2: Fly out, F2 (Popup, 23)
|
Batting: RHB Ricardo Ontiveros
|
0-0: Called Strike 0-1: Ball 1-1: Fly out, F9 (Flyball, 9LS)
|
Batting: RHB Fernando Álvarez
|
0-0: Called Strike 0-1: Swinging Strike 0-2: Strikes out looking
|
Bottom of the 3rd over - 0 run(s), 1 hit(s), 0 error(s), 1 left on base; Grand Rapids 2 - Yellowknife 0 |
TOP OF THE 4TH |
Grand Rapids Dutch Ovens batting - Pitching for Yellowknife Claws : RHP John Arnold
|
Batting: LHB Félix Costa
|
0-0: Ball 1-0: Foul Ball, location: 2F 1-1: Fly out, F9 (Line Drive, 9D)
|
Batting: RHB Carlos Rosa
|
0-0: Fly out, F9 (Flyball, 9LM)
|
Batting: RHB Alec Goodman
|
0-0: Ball 1-0: Ball 2-0: Called Strike 2-1: Called Strike 2-2: Foul Ball, location: 2F 2-2: Foul Ball, location: 2F 2-2: Ball 3-2: Base on Balls
|
Batting: RHB Takuro Okawa
|
0-0: Called Strike 0-1: Ball 1-1: SINGLE (Line Drive, 56D) Alec Goodman to second
|
Batting: RHB José Wills
|
0-0: Foul Ball, location: 2F 0-1: Ball Wild Pitch! Alec Goodman to third Takuro Okawa to second 1-1: Called Strike 1-2: Ball 2-2: Fly out, F8 (Flyball, 8LS)
|
Top of the 4th over - 0 run(s), 1 hit(s), 0 error(s), 2 left on base; Grand Rapids 2 - Yellowknife 0 |
BOTTOM OF THE 4TH |
Yellowknife Claws batting - Pitching for Grand Rapids Dutch Ovens : RHP José Rocha
|
Batting: RHB Matt Dundee
|
0-0: Called Strike 0-1: Ball 1-1: Swinging Strike 1-2: Ball 2-2: Fly out, F5 (Popup, 5)
|
Batting: RHB Alan Williams
|
0-0: Ball 1-0: SINGLE (Groundball, 6D)
|
Batting: RHB Bob Bishop
|
0-0: Ball 1-0: Called Strike 1-1: Ball 2-1: SINGLE (Line Drive, 6M) Alan Williams to second
|
Batting: SHB José Espinoza
|
0-0: Called Strike 0-1: Ball Alan Williams is caught stealing 3rd base Bob Bishop to second 1-1: Ball 2-1: Ball 3-1: Base on Balls
|
Batting: RHB Juan Gómez
|
0-0: Called Strike 0-1: Foul Ball, location: 2F 0-2: Ball 1-2: Foul Ball, location: 2F 1-2: Ball 2-2: Foul Ball, location: 2F 2-2: Ball 3-2: SINGLE (Groundball, 56D) Bob Bishop to third José Espinoza to second Bob Bishop scores José Espinoza to third
|
Batting: RHB Curt O'Brian
|
0-0: Called Strike 0-1: Ball 1-1: Ball 2-1: Fielders Choice at 2nd, 6-4 (Groundball, 6)
|
Bottom of the 4th over - 1 run(s), 3 hit(s), 0 error(s), 1 left on base; Grand Rapids 2 - Yellowknife 1 |
TOP OF THE 5TH |
Grand Rapids Dutch Ovens batting - Pitching for Yellowknife Claws : RHP John Arnold
|
Batting: SHB Víctor Torres
|
0-0: Ball 1-0: Foul Ball, location: 2F 1-1: Ball 2-1: Ball 3-1: Foul Ball, location: 2F 3-2: SINGLE (Line Drive, 89S)
|
Pitching: LHP Cy Rowland
|
|
Batting: RHB Tim Lee
|
0-0: Fielders Choice at 2nd, 4-6 (Groundball, 4)
|
Batting: LHB Nick Weber
|
0-0: Called Strike 0-1: SINGLE (Groundball, 4MD) Tim Lee to second
|
Batting: RHB William Todd
|
0-0: Ball 1-0: Ball 2-0: Called Strike 2-1: Ball 3-1: SINGLE (Groundball, 6MD) Tim Lee to third Nick Weber to second Runner from 3rd tries for Home, throw and OUT! Nick Weber to third William Todd to second
|
Batting: LHB Félix Costa
|
0-0: Ball 1-0: Swinging Strike 1-1: Fly out, F8 (Flyball, 78S)
|
Top of the 5th over - 0 run(s), 3 hit(s), 0 error(s), 2 left on base; Grand Rapids 2 - Yellowknife 1 |
BOTTOM OF THE 5TH |
Yellowknife Claws batting - Pitching for Grand Rapids Dutch Ovens : RHP José Rocha
|
Batting: RHB Carlos Uribe
|
0-0: Called Strike 0-1: Fly out, F7 (Flyball, 7)
|
Batting: RHB Ricardo Ontiveros
|
0-0: Foul Ball, location: 2F 0-1: Ball 1-1: Ball 2-1: Foul Ball, location: 2F 2-2: Strikes out swinging
|
Batting: RHB Fernando Álvarez
|
0-0: Swinging Strike 0-1: Ball 1-1: Ball 2-1: Bunt missed! 2-2: Strikes out swinging
|
Bottom of the 5th over - 0 run(s), 0 hit(s), 0 error(s), 0 left on base; Grand Rapids 2 - Yellowknife 1 |
TOP OF THE 6TH |
Grand Rapids Dutch Ovens batting - Pitching for Yellowknife Claws : LHP Cy Rowland
|
Batting: RHB Carlos Rosa
|
0-0: Called Strike 0-1: Ball 1-1: Swinging Strike 1-2: Ball 2-2: Strikes out swinging
|
Batting: RHB Alec Goodman
|
0-0: Called Strike 0-1: Ball 1-1: Ball 2-1: Ball 3-1: Foul Ball, location: 2F 3-2: Base on Balls
|
Batting: RHB Takuro Okawa
|
0-0: Ball 1-0: Fly out, F9 (Flyball, 9LM)
|
Batting: RHB José Wills
|
0-0: Ball 1-0: Ball 2-0: SINGLE (Flyball, 8RS) Alec Goodman to second
|
Batting: SHB Víctor Torres
|
0-0: Ball Wild Pitch! Alec Goodman to third José Wills to second 1-0: Ground out 5-3 (Groundball, 5S)
|
Top of the 6th over - 0 run(s), 1 hit(s), 0 error(s), 2 left on base; Grand Rapids 2 - Yellowknife 1 |
BOTTOM OF THE 6TH |
Yellowknife Claws batting - Pitching for Grand Rapids Dutch Ovens : RHP José Rocha
|
Batting: RHB Matt Dundee
|
0-0: Called Strike 0-1: Ball 1-1: Foul Ball, location: 2F 1-2: Strikes out swinging
|
Pitching: RHP Mark Messier
|
|
Batting: RHB Alan Williams
|
0-0: Foul Ball, location: 2F 0-1: Ball 1-1: Ball 2-1: Fly out, F4 (Popup, 4D)
|
Batting: RHB Bob Bishop
|
0-0: Ball 1-0: SINGLE (Line Drive, 6MD)
|
Batting: SHB José Espinoza
|
0-0: Ball 1-0: Ground out 3-1 (Groundball, 3)
|
Bottom of the 6th over - 0 run(s), 1 hit(s), 0 error(s), 1 left on base; Grand Rapids 2 - Yellowknife 1 |
TOP OF THE 7TH |
Grand Rapids Dutch Ovens batting - Pitching for Yellowknife Claws : LHP Cy Rowland
|
Batting: RHB Tim Lee
|
0-0: Ball 1-0: Ground out 6-3 (Groundball, 6)
|
Batting: LHB Nick Weber
|
0-0: Ball 1-0: Foul Ball, location: 2F 1-1: Foul Ball, location: 2F 1-2: Ball 2-2: Strikes out looking
|
Batting: RHB William Todd
|
0-0: Ball 1-0: Ground out 5-3 (Groundball, 56S)
|
Top of the 7th over - 0 run(s), 0 hit(s), 0 error(s), 0 left on base; Grand Rapids 2 - Yellowknife 1 |
BOTTOM OF THE 7TH |
Yellowknife Claws batting - Pitching for Grand Rapids Dutch Ovens : RHP Mark Messier
|
Batting: RHB Juan Gómez
|
0-0: Ball 1-0: Ball 2-0: Foul Ball, location: 2F 2-1: Foul Ball, location: 2F 2-2: SINGLE (Line Drive, 6MD)
|
Pinch Hitting: LHB Dennis King
|
0-0: Ball 1-0: Ball 2-0: Foul Ball, location: 2F 2-1: Foul Ball, location: 2F 2-2: Ball 3-2: Foul Ball, location: 2F 3-2: Foul Ball, location: 2F 3-2: Base on Balls Juan Gómez to second
|
Batting: RHB Carlos Uribe
|
0-0: Grounds into double play, 6-4-3 (Groundball, 6) Juan Gómez to third
|
Batting: RHB Ricardo Ontiveros
|
0-0: Called Strike 0-1: Called Strike 0-2: Foul Ball, location: 2F 0-2: Strikes out swinging
|
Bottom of the 7th over - 0 run(s), 1 hit(s), 0 error(s), 1 left on base; Grand Rapids 2 - Yellowknife 1 |
TOP OF THE 8TH |
Grand Rapids Dutch Ovens batting - Pitching for Yellowknife Claws : LHP Cy Rowland
|
Now in CF: Jeff Benson
|
|
Batting: LHB Félix Costa
|
0-0: Called Strike 0-1: Fly out, F8 (Flyball, 8LS)
|
Pitching: RHP Javier Soriano
|
|
Batting: RHB Carlos Rosa
|
0-0: Ball 1-0: Swinging Strike 1-1: Ground out 6-3 (Groundball, 6MS)
|
Batting: RHB Alec Goodman
|
0-0: Called Strike 0-1: Called Strike 0-2: Ball 1-2: Foul Ball, location: 2F 1-2: Strikes out swinging
|
Top of the 8th over - 0 run(s), 0 hit(s), 0 error(s), 0 left on base; Grand Rapids 2 - Yellowknife 1 |
BOTTOM OF THE 8TH |
Yellowknife Claws batting - Pitching for Grand Rapids Dutch Ovens : RHP Mark Messier
|
Batting: RHB Fernando Álvarez
|
0-0: Ball 1-0: Called Strike 1-1: Ball 2-1: Swinging Strike 2-2: Strikes out looking
|
Batting: RHB Matt Dundee
|
0-0: Ball 1-0: SINGLE (Groundball, 34) (infield hit)
|
Batting: RHB Alan Williams
|
0-0: Swinging Strike 0-1: Called Strike 0-2: Foul Ball, location: 2F 0-2: Strikes out swinging
|
Pinch Hitting: RHB Diego Cabañas
|
0-0: Ball 1-0: Called Strike 1-1: Ball 2-1: Fielders Choice at 2nd, 6-4 (Groundball, 56)
|
Bottom of the 8th over - 0 run(s), 1 hit(s), 0 error(s), 0 left on base; Grand Rapids 2 - Yellowknife 1 |
TOP OF THE 9TH |
Grand Rapids Dutch Ovens batting - Pitching for Yellowknife Claws : RHP Javier Soriano
|
Now in RF: Diego Cabañas
|
|
Batting: RHB Takuro Okawa
|
0-0: Ball 1-0: Swinging Strike 1-1: Foul Ball, location: 2F 1-2: Reached via error on a dropped throw, E1
|
Batting: RHB José Wills
|
0-0: Called Strike 0-1: Ball 1-1: SINGLE (Line Drive, 8RS) Takuro Okawa to second
|
Batting: SHB Víctor Torres
|
0-0: Bunted foul 0-1: Ball 1-1: Bunted foul 1-2: Ball 2-2: Ball 3-2: Foul Ball, location: 2F 3-2: Strikes out looking
|
Pinch Hitting: LHB Luis Salazar
|
0-0: Called Strike 0-1: Foul Ball, location: 2F 0-2: Strikes out swinging
|
Pinch Hitting: LHB David Morgan
|
0-0: Called Strike 0-1: Called Strike 0-2: Fly out, F9 (Flyball, 9)
|
Top of the 9th over - 0 run(s), 1 hit(s), 1 error(s), 2 left on base; Grand Rapids 2 - Yellowknife 1 |
BOTTOM OF THE 9TH |
Yellowknife Claws batting - Pitching for Grand Rapids Dutch Ovens : RHP Mark Messier
|
Pitching: LHP Sancho Espinoza
|
|
Now at 2B: Luis Salazar
|
|
Now at SS: Gary Wyatt
|
|
Batting: SHB José Espinoza
|
0-0: Foul Ball, location: 2F 0-1: SINGLE (Flyball, 78S)
|
Batting: RHB Juan Gómez
|
0-0: Ball 1-0: Reached on error, E5 (Groundball, 56S) José Espinoza to third
|
Batting: RHB Jeff Benson
|
0-0: Ball 1-0: Swinging Strike 1-1: Ball 2-1: Fly out, F9 (Line Drive, 9) Runner from 3rd tags up, SCORES, no throw
|
Batting: RHB Carlos Uribe
|
0-0: Ball 1-0: Called Strike 1-1: Ball 2-1: Swinging Strike 2-2: Fly out, F6 (Popup, 6D)
|
Batting: RHB Ricardo Ontiveros
|
0-0: Called Strike 0-1: Ball 1-1: Ball 2-1: Ball 3-1: Base on Balls
|
Batting: RHB Fernando Álvarez
|
0-0: Ball 1-0: Fly out, F9 (Flyball, 9S)
|
Bottom of the 9th over - 1 run(s), 1 hit(s), 1 error(s), 2 left on base; Grand Rapids 2 - Yellowknife 2 |
TOP OF THE 10TH |
Grand Rapids Dutch Ovens batting - Pitching for Yellowknife Claws : RHP Javier Soriano
|
Pitching: LHP Armando Fuentes
|
|
Pinch Hitting: RHB Manuel Flores
|
0-0: Called Strike 0-1: Ball 1-1: Called Strike 1-2: Foul Ball, location: 2F 1-2: Ball 2-2: Strikes out swinging
|
Batting: LHB Félix Costa
|
0-0: Swinging Strike 0-1: Ball 1-1: Called Strike 1-2: Ball 2-2: Ball 3-2: Base on Balls
|
Pinch Hitting: RHB Carlos Martínez
|
0-0: Ball Félix Costa steals 2nd base 1-0: Intentional Walk
|
Batting: RHB Alec Goodman
|
0-0: SINGLE (Groundball, 6D) Félix Costa to third Carlos Martínez to second Runner from 3rd tries for Home, SAFE, no throw
|
Batting: RHB Takuro Okawa
|
0-0: Ball 1-0: Called Strike 1-1: Ball 2-1: DOUBLE (Line Drive, 5D) Carlos Martínez scores Alec Goodman to third
|
Pitching: RHP Juan Elías
|
|
Pinch Hitting: LHB Lee Jenkins
|
0-0: Fly out, F9 (Flyball, 9LD) Runner from 3rd tags up, SCORES, no throw
|
Batting: SHB Víctor Torres
|
0-0: Called Strike 0-1: Swinging Strike 0-2: Ball 1-2: Ball 2-2: Ball 3-2: Strikes out looking
|
Top of the 10th over - 3 run(s), 2 hit(s), 0 error(s), 1 left on base; Grand Rapids 5 - Yellowknife 2 |
BOTTOM OF THE 10TH |
Yellowknife Claws batting - Pitching for Grand Rapids Dutch Ovens : LHP Sancho Espinoza
|
Now at C: Carlos Martínez
|
|
Now at 1B: Manuel Flores
|
|
Now at 3B: Theodore Burns
|
|
Batting: RHB Matt Dundee
|
0-0: Called Strike 0-1: Ball 1-1: Called Strike 1-2: SINGLE (Groundball, 56D)
|
Batting: RHB Alan Williams
|
0-0: Ball 1-0: Ball 2-0: Foul Ball, location: 2F 2-1: Called Strike 2-2: Foul Ball, location: 2F 2-2: Fly out, F7 (Line Drive, 7LD)
|
Batting: RHB Diego Cabañas
|
0-0: Called Strike 0-1: Ball 1-1: Ball 2-1: Foul Ball, location: 2F 2-2: Foul Ball, location: 2F 2-2: Foul Ball, location: 2F 2-2: Strikes out looking
|
Batting: SHB José Espinoza
|
0-0: Ball 1-0: Ball 2-0: Called Strike 2-1: Foul Ball, location: 2F 2-2: SINGLE (Line Drive, 34D) Matt Dundee to second
|
Pitching: RHP Gustavo Cháves
|
|
Batting: RHB Juan Gómez
|
0-0: Called Strike 0-1: Ball 1-1: Called Strike 1-2: Foul Ball, location: 2F 1-2: Ball 2-2: Foul Ball, location: 2F 2-2: Strikes out looking
|
Bottom of the 10th over - 0 run(s), 2 hit(s), 0 error(s), 2 left on base; Grand Rapids 5 - Yellowknife 2 |
|